 Dungeon Crawl Stone Soup version 0.17-a0-1435-geafbe2f (webtiles) character file.

390 Geeful the Twirler (level 6, 0/55 HPs)
             Began as a Minotaur Gladiator on June 25, 2015.
             Killed by nerve-wracking pain
             ... invoked by an orc priest
              (14 damage)
             ... on level 5 of the Dungeon on June 26, 2015.
             The game lasted 00:12:15 (3478 turns).

Geeful the Twirler (Minotaur Gladiator)             Turns: 3478, Time: 00:12:15

Health: 0/55       AC: 14    Str: 19    XL:     6   Next: 50%
Magic:  5/5        EV:  8    Int:  5    God:
Gold:   259        SH:  0    Dex: 15    Spells: 0 memorised, 5 levels left

rFire  . . .     SeeInvis .     a - +1 quarterstaff
rCold  . . .     Clarity  .     q - +0 plate armour
rNeg   . . .     SustAt   .     (no shield)
rPois  .         Gourm    .     c - +0 hat
rElec  .         Spirit   .     b - +0 cloak (curse)
rCorr  .         Warding  .     (no gloves)
rMut   .         Stasis   .     k - +0 pair of boots
MR     .....                    (no amulet)
Stlth  ..........               (no ring)
                                (no ring)

@: not resistant to hostile enchantments, extremely unstealthy
A: retaliatory headbutt, horns 2, agile 1, spit poison 1
a: Spit Poison


You were on level 5 of the Dungeon.
You were not hungry.

You visited 1 branch of the dungeon, and saw 5 of its levels.

You collected 259 gold pieces.

Inventory:

Hand weapons
 a - a +1 quarterstaff (weapon)
Missiles
 d - 3 throwing nets
 h - a javelin of penetration (quivered)
 l - 9 poisoned needles
Armour
 b - a cursed +0 cloak (worn)
 c - a +0 hat (worn)
 k - a +0 pair of boots (worn)
 q - a +0 plate armour (worn)
Magical devices
 y - a wand of slowing (31)
Scrolls
 i - 2 scrolls of remove curse
 m - a scroll of magic mapping {unknown}
 o - 2 scrolls of enchant armour {unknown}
 r - a scroll of blinking
 s - a scroll of recharging
 u - a scroll of teleportation {unknown}
 v - a scroll of fear {unknown}
 w - 2 scrolls of identify
 x - a scroll of enchant weapon
Potions
 f - 2 potions of curing
 t - a potion of lignification {unknown}
Comestibles
 e - 2 bread rations
 g - 2 meat rations
 j - 2 fruits
 n - a slice of pizza
 p - a chunk of flesh


   Skills:
 + Level 4.8 Fighting
 + Level 5.1 Staves
 - Level 2.0 Throwing
 + Level 3.7 Armour
 + Level 5.0 Dodging


You had 5 spell levels left.
You didn't know any spells.

Dungeon Overview and Level Annotations

Branches:
Dungeon (5/15)
 Temple: D:4-7

Altars:
Nemelex Xobeh
Yredelemnul
The Shining One


Innate Abilities, Weirdness & Mutations

You reflexively headbutt those who attack you in melee.
You have a pair of horns on your head.
You are agile. (Dex +2)
You can spit weak poison.


Message History

You barely miss the orc.
The orc priest hits you but does no damage.
The orc hits you but does no damage.
Your plate armour prevents you from hitting the orc.
You headbutt the orc!
You kill the orc!
The orc priest hits you from afar with a trident.
The orc priest mumbles some strange prayers to Beogh against you.
Something smites you!
Things that are here:
a hand axe; a ring mail You closely miss the orc priest.
The orc priest calls down the wrath of Beogh upon you.
Pain shoots through your body!
* * * LOW HITPOINT WARNING * * *
You hit the orc priest.
The orc priest is moderately wounded.
The orc priest invokes the aid of Beogh against you.
Pain shoots through your body!
You die...

#####.### #.....#..
###########.### .#
#.............# .#
#.#########.#.# o# #
#.#.......#.#.###o#..#
#<#.#####.#.#...@....#
#.......#.#.......#..#
#.#.#.#.#.######### #
#.#.#.#.#.#
#.#.....#.#
#.#######.#
#.........#
###########


You could see an orc priest and an orc wizard.

Vanquished Creatures
  A scorpion (D:3)
  The ghost of giantfig the Charmwright, a weakling MfSk (D:3)
  2 orc priests (D:4)
  Jessica (D:2)
  An orc wizard (D:4)
  2 worker ants (D:4)
  An iguana (D:4)
  2 oozes
  3 worms
  4 giant geckos
  13 orcs
  5 bats
  18 goblins
  15 hobgoblins
  9 jackals
  4 kobolds
  A quokka (D:2)
  2 ball pythons (D:3)
  2 giant newts
  6 rats
93 creatures vanquished.

Notes
Turn   | Place    | Note
--------------------------------------------------------------
     0 | D:1      | Geeful the Minotaur Gladiator began the quest for the Orb.
     0 | D:1      | Reached XP level 1. HP: 18/18 MP: 0/0
   174 | D:1      | Reached XP level 2. HP: 12/25 MP: 1/1
   469 | D:1      | Upgraded the game from 0.17-a0-1431-g695b0fe to 0.17-a0-1435-geafbe2f
   516 | D:1      | Reached skill level 1 in Armour
   714 | D:1      | Reached XP level 3. HP: 31/31 MP: 2/2
  1218 | D:2      | Noticed Jessica
  1223 | D:2      | Killed Jessica
  1223 | D:2      | Reached skill level 4 in Staves
  1264 | D:2      | Reached XP level 4. HP: 38/38 MP: 3/3
  1800 | D:2      | Gained mutation: You can spit weak poison. [potion of mutation]
  1800 | D:2      | Gained mutation: You are agile. (Dex +2) [potion of mutation]
  1876 | D:3      | Found a basalt altar of Yredelemnul.
  1892 | D:3      | Noticed giantfig's ghost (weakling MfSk)
  1910 | D:3      | Killed giantfig's ghost
  1910 | D:3      | Reached XP level 5. HP: 36/46 MP: 4/4
  2217 | D:3      | Found a glowing golden altar of the Shining One.
  2516 | D:4      | Got a bloodstained long sword
  2517 | D:4      | Identified the cursed +1 long sword of Slime {flame, Str+10 Int+6 Dex-2} (You found it on level 4 of the Dungeon)
  2617 | D:4      | Found a sparkling altar of Nemelex Xobeh.
  2648 | D:4      | Reached XP level 6. HP: 36/53 MP: 5/5
  3022 | D:4      | Reached skill level 5 in Staves
  3115 | D:4      | Reached skill level 5 in Dodging
  3408 | D:5      | Entered Level 5 of the Dungeon
  3478 | D:5      | Killed from afar by an orc priest

Vault maps used:
D:1:      nicolae_arrival_washed_ashore
D:2:      guppyfry_early_orc_mine, uniq_jessica
D:3:      old_standard_altar, nicolae_overflow_crystal_walls, first_bread
D:4:      kennysheep_the_goblin_king, overflow_temple_1_default,
          minmay_misc_feat_roman, kennysheep_generic_room_14
D:5:      enter_ossuary_3

Action                   |  1- 3 |  4- 6 || total
-------------------------+-------+-------++-------
Melee: Quarterstaff      |    49 |   173 ||   222
Throw: Javelin           |       |     2 ||     2
  Use: Potion            |     2 |     2 ||     4
       Scroll            |     4 |     3 ||     7
  Eat: Chunk             |     1 |     7 ||     8
